 Dungeon Crawl Stone Soup version 0.14.1-26-g5a19342 (webtiles) character file.

103 HiobMontag the Cudgeler (level 4, 0/27 HPs)
             Began as a Gargoyle Gladiator on July 24, 2014.
             Was an Initiate of Makhleb.
             Killed from afar by Sigmund (9 damage)
             ... with a puff of flame
             ... on Level 2 of the Dungeon.
             The game lasted 00:10:26 (1426 turns).

HiobMontag the Cudgeler (Gargoyle Gladiator)        Turns: 1426, Time: 00:10:26

HP   0/27        AC  8     Str 20      XL: 4   Next: 19%
MP   4/4         EV 12     Int  8      God: Makhleb [......]
Gold 35          SH  0     Dex 10      Spells:  0 memorised,  3 levels left

rFire  . . .     SeeInvis .     a - +0 flail
rCold  . . .     Clarity  .     b - +0 leather armour
rNeg   + . .     Conserve .     (no shield)
rPois  +         rCorr    .     c - +1 helmet
rElec  +         rRot     +     (no cloak)
SustAb . .       Spirit   .     (no gloves)
rMut   .         Warding  .     (no boots)
Saprov . . .     Stasis   .     (no amulet)
MR     .....                    (no ring)
                                (no ring)

@: not resistant to hostile enchantments, very unstealthy
A: life protection 1, electricity resistance, unbreathing, petrification
resistance, AC +3
a: Renounce Religion


You were on level 2 of the Dungeon.
You worshipped Makhleb.
Makhleb was noncommittal.
You were hungry.

You visited 1 branch of the dungeon, and saw 2 of its levels.

You collected 35 gold pieces.

Inventory:

Hand weapons
 a - a +0,+0 flail (weapon)
Missiles
 h - 18 stones (quivered)
 i - 2 darts
 l - 6 bolts of flame
Armour
 b - a +0 leather armour (worn)
 c - a +1 helmet (worn)
 m - a +0 scale mail
 q - a +2 leather armour of magic resistance
 u - a +0 pair of gloves
Comestibles
 f - a bread ration
 k - a meat ration
 p - a rotting chunk of adder flesh
Scrolls
 g - 3 scrolls of enchant armour
 j - a scroll of amnesia {unknown}
 n - 2 scrolls of teleportation {unknown}
 o - a scroll of magic mapping {unknown}
 r - 3 scrolls of remove curse {unknown}
 s - a scroll of recharging {unknown}
 t - a scroll of noise {unknown}
 v - a scroll of immolation {unknown}
Potions
 e - a potion of heal wounds


   Skills:
 + Level 2.6 Fighting
 + Level 3.8 Maces & Flails
 + Level 2.0 Throwing
 + Level 1.3 Armour
 + Level 3.1 Dodging
 + Level 0.5 Stealth


You had 3 spell levels left.
You didn't know any spells.

Dungeon Overview and Level Annotations

Branches:
Dungeon (2/15)

Altars:
Makhleb

Annotations:
D:2 Sigmund


Innate Abilities, Weirdness & Mutations

You are resistant to torment.
You are immune to poison.
You are immune to rotting.
Your stone body is very resilient (AC +3).
You resist negative energy.
You are resistant to electric shocks.
You can survive without breathing.
You are immune to petrification.


Message History

Sigmund is moderately wounded.
Sigmund closely misses you.
You closely miss Sigmund.
Sigmund is moderately wounded.
You sock Sigmund!
Sigmund is severely wounded.
Sigmund hits you with a scythe.
You thump Sigmund!
Sigmund is almost dead.
Sigmund gestures wildly while chanting.
Sigmund flickers and vanishes!
Deactivating autopickup; reactivate with Ctrl-A.
You barely miss something. Something hits you!
You closely miss something. Something hits you.
You closely miss something. Something hits you but does no damage.
You miss something.
You hear some strange, mumbled words.
A puff of flame appears from out of thin air!
The puff of flame hits you!
You die...

#.# #.# #.# #.#
#(# #(# #S#.#
#.#.# #@#.# #.#.#
#.#.# #.#.# #.#.#
#### #.#.# .....
#.#.##############
#.................
#.........########


You could see an adder.

Vanquished Creatures
  Terence (D:2)
  2 adders (D:2)
  4 giant cockroaches
  2 hobgoblins (D:1)
  9 jackals
  A quokka (D:2)
  2 bats (D:2)
  2 giant newts (D:2)
  6 goblins
  5 kobolds
  4 rats
38 creatures vanquished.

Notes
Turn   | Place    | Note
--------------------------------------------------------------
     0 | D:1      | HiobMontag, the Gargoyle Gladiator, began the quest for the Orb.
     0 | D:1      | Reached XP level 1. HP: 12/12 MP: 1/1
   199 | D:1      | Reached XP level 2. HP: 18/18 MP: 2/2
   985 | D:2      | Reached XP level 3. HP: 22/22 MP: 3/3
   996 | D:2      | Found a burning altar of Makhleb.
  1060 | D:2      | Became a worshipper of Makhleb the Destroyer
  1225 | D:2      | Noticed Terence
  1247 | D:2      | Reached skill level 1 in Armour
  1256 | D:2      | Killed Terence
  1256 | D:2      | Reached XP level 4. HP: 25/27 MP: 4/4
  1407 | D:2      | Noticed Sigmund
  1426 | D:2      | Killed from afar by Sigmund

Action                   |  1- 3 |  4- 6 || total
-------------------------+-------+-------++-------
Melee: Flail             |   119 |    20 ||   139
Throw: Throwing net      |     3 |     2 ||     5
       Stone             |       |     3 ||     3
  Use: Scroll            |     2 |       ||     2
 Stab: Held in net/web   |     3 |       ||     3
